 Dungeon Crawl Stone Soup version 0.28-b1-1-g3c77fb2ed1 (webtiles) character file.

Game seed: 9614611263820344310

47 zeram the Grave Robber (level 3, -4/31 HPs)
             Began as a Troll Necromancer on Jan 28, 2022.
             Slain by Terence (10 damage)
             ... on level 1 of the Dungeon.
             The game lasted 00:02:02 (1155 turns).

zeram the Grave Robber (Troll Necromancer)          Turns: 1155, Time: 00:02:03

Health: -4/31      AC:  4    Str: 16    XL:     3   Next: 48%
Magic:  3/3        EV: 10    Int: 13    God:
Gold:   19         SH:  0    Dex: 10    Spells: 3/4 levels left

rFire   . . .      SeeInvis .   b - +0 dagger (speed)
rCold   . . .      Faith    .   (no shield)
rNeg    . . .      Spirit   .   a - +0 robe
rPois   .          Reflect  .   (helmet restricted)
rElec   .          Harm     .   (no cloak)
rCorr   .          Rampage  .   (gloves unavailable)
Will    .....                   (boots unavailable)
Stlth   +.........              c - amulet of regeneration
HPRegen 1.70/turn               (no ring)
MPRegen 0.08/turn               (no ring)

@: no status effects
A: large, unfitting armour, claws 3, regeneration 1, shaggy fur 1, tough skin 1
a: no special abilities


You were on level 1 of the Dungeon.
You visited 1 branch of the dungeon, and saw 2 of its levels.

You collected 19 gold pieces.

Inventory:

Hand Weapons
 b - a +0 dagger of speed (weapon)
Armour
 a - a +0 robe (worn)
Jewellery
 c - an amulet of regeneration (around neck)


   Skills:
 + Level 2.8 Dodging
 - Level 1.2 Stealth
 - Level 0.1 Unarmed Combat
 - Level 1.2 Spellcasting
 - Level 3.4 Necromancy


You had 3 spell levels left.
You knew the following spells:

 Your Spells              Type           Power      Damage    Failure   Level
a - Pain                  Necr           36%        1d5       7%          1

Your spell library contained the following spells:

 Spells                   Type           Power      Damage    Failure   Level
 Animate Skeleton         Necr           18%        N/A       7%          1
 Vampiric Draining        Necr           9%         2d6       21%         3
 Animate Dead             Necr           4%         N/A       54%         4
 Agony                    Necr           9%         N/A       88%         5


Dungeon Overview and Level Annotations

Branches:
Dungeon (2/15)

Altars:

Annotations:
D:1 Terence


Innate Abilities, Weirdness & Mutations

You are too large for most types of armour.
You have claws for hands.
Your natural rate of healing is unusually fast.
You are covered in fur. (AC +1)
You have tough skin. (AC +1)


Message History

You hit Terence but do no damage.
Terence is heavily wounded.
Terence hits you with a +0 flail.
* * * LOW HITPOINT WARNING * * *
You hit Terence.
Terence is heavily wounded.
You hit Terence but do no damage.
Terence is heavily wounded.
Terence closely misses you.
You hit Terence.
Terence is severely wounded.
Terence barely misses you.
You closely miss Terence.
Terence is severely wounded.
You hit Terence but do no damage.
Terence is severely wounded.
Terence barely misses you.
You barely miss Terence.
Terence is severely wounded.
Terence hits you with a +0 flail!
* * * LOW HITPOINT WARNING * * *
You hit Terence but do no damage.
Terence is severely wounded.
You closely miss Terence.
Terence is severely wounded.
Terence hits you with a +0 flail!
* * * LOW HITPOINT WARNING * * *
You barely miss Terence.
Terence is severely wounded.
Terence hits you with a +0 flail.
* * * LOW HITPOINT WARNING * * *
You hit Terence.
Terence is severely wounded.
You hit Terence but do no damage.
Terence is severely wounded.
Terence hits you but does no damage.
You hit Terence but do no damage.
Terence is severely wounded.
Terence hits you with a +0 flail!
You die...

##########.....# #.
#........'.....# #. #
#.########.....# #. #
###'### #.....# #. #
#.....# ###.....# #. #
#.....# #.'.....# #. #
#.....# #.#.....# #.
###.....####.#.@...# #.
................@### #.
......############ #.
.###### #. .#
#####################.
.#
#.........)...........
.#
##'####################
## #...# #...# #...#


You could see Terence.

Vanquished Creatures
  An adder (D:2)
  A dart slug (D:1)
  A ball python (D:1)
  4 endoplasms
  A giant cockroach (D:1)
  4 goblins (D:1)
  2 hobgoblins (D:2)
  5 jackals (D:1)
  3 quokkas (D:1)
  A frilled lizard (D:1)
  4 kobolds
  4 rats (D:1)
31 creatures vanquished.

Notes
Turn   | Place    | Note
-------+----------+-------------------------------------------
     0 | D:1      | zeram the Troll Necromancer began the quest for the Orb.
     0 | D:1      | Reached XP level 1. HP: 16/16 MP: 1/1
   170 | D:1      | Reached XP level 2. HP: 24/24 MP: 2/2
   411 | D:1      | Found a faded altar of an unknown god.
   758 | D:1      | Reached XP level 3. HP: 31/31 MP: 3/3
  1086 | D:2      | Noticed Terence
  1155 | D:1      | Slain by Terence

Illustrated notes

Levels and vault maps discovered:
D:1:      elethiomel_arrival_infinity_welcomes_careful_drivers, layout_basic,
          basic_ecumenical_altar
D:2:      layout_loops_corners, basic_altar, uniq_jessica, uniq_terence

Skill      XL: |  1  2 |
---------------+-------+-----
Dodging        | 2 |  2.8
Stealth        | |  1.2
Unarmed Combat | |  0.1
Spellcasting   | |  1.2
Necromancy     | |  3.4

Action                   || total
-------------------------++-------
Melee: Unarmed           ||    16
       Dagger            ||   194
       Punch             ||     1
 Cast: Pain              ||     1
  Use: Scroll            ||     3
       Potion            ||     1
 Stab: Sleeping          ||     2
Armor: Robe              ||    38
Dodge: Dodged            ||    89
